 Dungeon Crawl Stone Soup version 0.27.0-1-g7a089689b8 (webtiles) character file.

Game seed: 8450628717166593157

3661 dolemite99 the Spear-Bearer (level 9, -6/65 (66) HPs)
             Began as a Demonspawn Gladiator on Aug 2, 2021.
             Was a Priest of Wu Jian.
             Mangled by a hornet (13 damage)
             ... on level 8 of the Dungeon.
             The game lasted 00:10:28 (11385 turns).

dolemite99 the Spear-Bearer (Demonspawn Gladiator) Turns: 11385, Time: 00:10:29

HP:   -6/65 (66)    AC: 15    Str: 17    XL:     9   Next: 89%
MP:   9/9           EV: 10    Int: 10    God:    Wu Jian [***...]
Gold: 251           SH:  0    Dex: 21    Spells: 8/8 levels left

rFire    . . .     SeeInvis .   a - +5 trident (vorpal)
rCold    . . .     Faith    .   (no shield)
rNeg     . . .     Spirit   .   x - +0 chain mail
rPois    .         Reflect  .   c - +0 helmet
rElec    .         Harm     .   C - +0 cloak
rCorr    +         Rampage  .   (no gloves)
Will     .....                  v - +1 pair of boots
Stlth    ..........             (no amulet)
HPRegen  0.20/turn              i - +6 ring of dexterity
MPRegen  0.22/turn              m - ring of resist corrosion

@: slowed, lightly drained, very slow
A: claws 2, magic regeneration, sturdy frame 2
a: Renounce Religion, Wall Jump, Serpent's Lash


You were on level 8 of the Dungeon.
You worshipped Wu Jian.
Wu Jian was most pleased with you.
You visited 1 branch of the dungeon, and saw 9 of its levels.

You collected 432 gold pieces.
You spent 181 gold pieces at shops.

Inventory:

Hand Weapons
 a - a +5 vorpal trident (weapon)
 o - a +0 hunting sling
 u - a +0 halberd
 y - a +5 falchion
 L - a +0 shortbow
Missiles
 d - a throwing net (quivered)
 k - 31 bolts
 t - 154 stones
 D - 66 arrows
 J - 10 poisoned darts
Armour
 b - a +0 leather armour
 c - a +0 helmet (worn)
 h - a +0 pair of boots
 q - a +0 scale mail
 v - a +1 pair of boots (worn)
 x - a +0 chain mail (worn)
 C - a +0 cloak (worn)
Jewellery
 i - a +6 ring of dexterity (left claw)
 j - an amulet of faith
 m - a ring of resist corrosion (right claw)
 B - a ring of protection from cold
Wands
 w - a wand of paralysis (7)
 F - a wand of mindburst (14)
 G - a wand of iceblast (7)
 I - a wand of polymorph (8)
Scrolls
 e - 6 scrolls of teleportation
 f - a scroll of amnesia
 z - a scroll of fog
 H - a scroll of identify {@r1}
Potions
 g - a potion of magic
 n - a potion of flight
 p - a potion of brilliance
 r - a potion of berserk rage {unknown}
 s - a potion of might
 A - a potion of mutation {unknown}
 E - a potion of ambrosia {unknown}
 K - a potion of attraction {unknown}


   Skills:
 + Level 4.7 Fighting
 - Level 10.1 Polearms
 - Level 1.7 Throwing
 - Level 7.6 Armour
 - Level 2.6 Dodging


You had 8 spell levels left.
You didn't know any spells.
Your spell library contained the following spells:

 Spells                   Type           Power      Damage    Failure   Level
 Beastly Appendage        Tmut           0%         N/A       80%         1
 Shock                    Conj/Air       0%         1d3       80%         1
 Sting                    Tmut/Pois      0%         1d3       80%         1
 Swiftness                Air            0%         N/A       99%         3
 Airstrike                Air            0%         N/A       100%        4
 Leda's Liquefaction      Hex/Erth       0%         N/A       100%        4
 Bolt of Magma            Conj/Fire/Erth 0%         4d4       100%        5
 Statue Form              Tmut/Erth      0%         N/A       100%        6


Dungeon Overview and Level Annotations

Branches:
Dungeon (9/15)             Temple (0/1) D:5
   Lair: D:8-11         Orc: D:9-12

Altars:
Wu Jian

Shops:
D:5 (   D:6 ?

Annotations:
D:6 exclusion: downstairs, Harold, Pikel


Innate Abilities, Weirdness & Mutations

You have very sharp fingernails.
You regenerate magic rapidly.
Your movements are less encumbered by armour. (ER -4)


Message History

A hornet is nearby!
The hornet buzzes angrily.
There is a stone staircase leading up here.
You climb upwards.
There is a stone staircase leading down here.
Unknown command.
You can't go up here!
You climb downwards.
The hornet stings you!
You feel yourself slow down. The hornet stings you.
You feel as though you will be slow longer.
There is a stone staircase leading up, spattered with blood here.
The hornet stings you.
You feel as though you will be slow longer.
The hornet barely misses you.
You climb upwards.
There is a stone staircase leading down here.
You barely miss the hornet. The hornet barely misses you.
The hornet stings you.
You feel as though you will be slow longer.
You hit the hornet.
The hornet is lightly wounded.
The hornet stings you.
You suddenly lose the ability to move!
The hornet stings you.
You are poisoned.
You feel as though you will be slow longer.
You can move again.
Throw: 2 throwing nets
Press: ? - help, Shift-Dir - straight line, f - hornet
Aim: a hornet (lightly wounded, 51% to hit)
You throw a throwing net.
The throwing net barely misses the hornet.
You feel very sick. The hornet stings you!
* * * LOW HITPOINT WARNING * * *
You feel as though you will be slow longer.
The hornet stings you!
* * * LOW HITPOINT WARNING * * *
You feel as though you will be slow longer.
You feel better. The hornet stings you!
You die...

########## ##...##...##
##..........##
##########............#
#(....y@##............#
##.......##.........<..#
#########.....................##
.................####....#...##
.........#.......# ####.########
....####.........# #.# #.. .####
#####....## #.# #..
############.##.########.# #..
.........................######..


You could see a hornet.

Vanquished Creatures
  A two-headed ogre (D:8)
  A wyvern (D:7)
  A shadow (D:9)
  2 water moccasins (D:6)
  An ice beast (D:7)
  2 sky beasts (D:8)
  An ogre (D:5)
  2 centaurs
  3 lemures (D:7)
  Blork the orc (D:5)
  A kobold brigand (D:8)
  5 bullfrogs
  A scorpion (D:4)
  15 wights
  A water moccasin skeleton (D:5)
  A howler monkey (D:7)
  A jelly (D:4)
  3 orc priests
  2 centaur zombies
  Crazy Yiuf (D:7)
  A bullfrog skeleton (D:5)
  4 hounds
  Natasha (thrice) (D:2)
  4 iguanas
  An orc wizard (D:6)
  A killer bee zombie (D:7)
  A hound skeleton (D:4)
  Robin (D:2)
  A howler monkey zombie (D:8)
  7 adders
  2 worms
  2 dart slugs
  15 orcs
  8 ball pythons
  4 bats
  7 endoplasms
  2 giant cockroaches (D:1)
  15 goblins
  7 hobgoblins
  4 jackals
  8 kobolds
  6 quokkas
  2 frilled lizards (D:2)
  9 rats
161 creatures vanquished.

Notes
Turn   | Place    | Note
-------+----------+-------------------------------------------
     0 | D:1      | dolemite99 the Demonspawn Gladiator began the quest for the
                  | Orb.
     0 | D:1      | Reached XP level 1. HP: 16/16 MP: 1/1
    36 | D:1      | Reached skill level 3 in Polearms
   409 | D:1      | Gained mutation: You have sharp fingernails. [demonic
                  | ancestry]
   409 | D:1      | Reached XP level 2. HP: 18/22 MP: 2/2
   486 | D:1      | Got A Beginning Course on Magic
  1026 | D:2      | Reached XP level 3. HP: 27/27 MP: 3/3
  1113 | D:2      | Found a faded altar of an unknown god.
  1138 | D:2      | Became a worshipper of the Wu Jian Council
  1138 | D:2      | Reached * piety under Wu Jian
  1153 | D:2      | Noticed Robin
  1170 | D:2      | Reached skill level 4 in Polearms
  1207 | D:2      | Killed Robin
  1528 | D:2      | Gained mutation: Your movements are slightly less
                  | encumbered by armour. (ER -2) [demonic ancestry]
  1528 | D:2      | Reached XP level 4. HP: 33/33 MP: 4/4
  1746 | D:2      | Noticed Natasha
  1788 | D:2      | Killed Natasha
  2121 | D:2      | Noticed Natasha
  2138 | D:2      | Killed Natasha
  2139 | D:2      | Reached skill level 5 in Polearms
  2150 | D:2      | Reached ** piety under Wu Jian
  2283 | D:2      | Noticed Natasha
  2294 | D:2      | Killed Natasha
  2295 | D:2      | Gained mutation: Your movements are less encumbered by
                  | armour. (ER -4) [demonic ancestry]
  2295 | D:2      | Reached XP level 5. HP: 28/38 MP: 5/5
  3022 | D:4      | Reached skill level 6 in Polearms
  3493 | D:4      | Reached XP level 6. HP: 29/44 MP: 6/6
  4311 | D:5      | Entered Level 5 of the Dungeon
  4538 | D:5      | Reached skill level 7 in Polearms
  4638 | D:5      | Reached XP level 7. HP: 28/50 MP: 7/7
  4823 | D:5      | Noticed Blork the orc
  4836 | D:5      | Killed Blork the orc
  4992 | D:5      | Reached *** piety under Wu Jian
  5082 | D:5      | Found a staircase to the Ecumenical Temple.
  5166 | D:5      | Reached skill level 8 in Polearms
  5315 | D:5      | Found Ewisilarch's Weapon Boutique.
  6450 | D:6      | Reached skill level 9 in Polearms
  6450 | D:6      | Gained mutation: You regenerate magic rapidly. [demonic
                  | ancestry]
  6450 | D:6      | Reached XP level 8. HP: 27/56 MP: 8/8
  6675 | D:6      | Found Nyczorch's Magic Scroll Shoppe.
  6683 | D:6      | Bought a scroll of enchant weapon for 82 gold pieces
  6683 | D:6      | Bought a scroll of fog for 22 gold pieces
  6683 | D:6      | Bought a scroll of teleportation for 33 gold pieces
  6836 | D:6      | Bought a scroll of identify for 22 gold pieces
  6838 | D:6      | Bought a scroll of identify for 22 gold pieces
  7365 | D:6      | Reached skill level 10 in Polearms
  7848 | D:7      | Reached skill level 1 in Armour
  7885 | D:7      | Found a runed translucent door.
  7886 | D:7      | Noticed Crazy Yiuf
  7895 | D:7      | Killed Crazy Yiuf
  7940 | D:7      | Noticed Harold
  7941 | D:7      | Noticed Pikel
  9421 | D:7      | Gained mutation: You have very sharp fingernails. [demonic
                  | ancestry]
  9421 | D:7      | Reached XP level 9. HP: 61/61 MP: 9/9
 10039 | D:8      | Reached skill level 5 in Armour
 10421 | D:8      | Noticed a two-headed ogre
 10439 | D:8      | Killed a two-headed ogre
 11383 | D:8      | Paralysed by a hornet for 1 turns
 11384 | D:8      | HP: 1/65 [hornet (13)]
 11385 | D:8      | Mangled by a hornet

Illustrated notes

Levels and vault maps discovered:
D:1:      minmay_arrival_arboretum_large, layout_basic
D:2:      layout_basic, shapermc_ecumenical_altar_notcrosses, uniq_robin,
          uniq_natasha
D:3:      layout_rooms
D:4:      layout_loops_ring
D:5:      layout_basic, minmay_temple_entry_ruins, serial_shops,
          kennysheep_little_box, uniq_blork_the_orc
D:6:      layout_gridville, serial_shops, nicolae_shop_window_shopping
D:7:      layout_basic, kennysheep_nub, nrook_pool_corridor, uniq_pikel,
          uniq_harold, uniq_crazy_yiuf_cottage
D:8:      layout_rooms
D:9:      layout_basic, grunt_temple_overflow_cloverleaf, st_stairs_2,
          minmay_misc_feat_rugged

Skill      XL: |  1  2  3  4  5  6  7  8  9 |
---------------+----------------------------+-----
Polearms       | 3 4 5 6 7 9 10 | 10.1
Armour         | 4 7 |  7.6
Fighting       | 4 |  4.7
Throwing       | |  1.7
Dodging        | |  2.6

Action                   |  1- 3 |  4- 6 |  7- 9 || total
-------------------------+-------+-------+-------++-------
Melee: Trident           |   121 |   201 |   343 ||   665
Throw: Throwing net      |       |       |     3 ||     3
Invok: Lunge             |       |     3 |     5 ||     8
       Whirlwind         |       |     2 |     9 ||    11
  Use: Scroll            |       |     7 |    14 ||    21
       Potion            |       |     1 |     5 ||     6
 Stab: Sleeping          |     2 |     2 |     1 ||     5
       Held in net/web   |       |       |     2 ||     2
       Invisible         |       |       |     2 ||     2
Armor: Leather armour    |    31 |    21 |       ||    52
       Scale mail        |       |    25 |     4 ||    29
       Chain mail        |       |       |   108 ||   108
Dodge: Dodged            |    78 |   114 |   111 ||   303
